Map: Dash and Terminal LE (Void)

Players

Enex - Winner!

  • Race: Terran Terran
  • League: Platinum

Chargeous

  • Race: Zerg Zerg
  • League: Platinum

VOD

Have the link to the VOD?

Description

Time

  • Played on: Oct. 9, 2015, 4:26 p.m.
  • Length: 16:07
Show
View Real Time Build Order
Export as new Build Order

Enex Terran - Winner!

Build Orders: Reaper Expand 

Get SALT Encoding   

  12  0:01  SCV  
  13  0:13  SCV  
  14  0:17  Supply Depot  
  14  0:25  SCV  
  15  0:39  SCV  
  15  0:40  Barracks  
  16  0:44  Refinery  
  16  0:51  SCV  
  17  1:06  SCV  
  18  1:18  SCV  
  19  1:30  Reaper, Orbital Command  
  19  1:47  Command Center  
  19  1:59  SCV  
  20  2:01  Supply Depot  
  20  2:02  Reaper  
  21  2:11  SCV  
  22  2:24  SCV  
  22  2:25  Factory  
  22  2:26  Refinery  
  23  2:36  SCV  
  24  2:41  Barracks Reactor  
  24  2:48  SCV  
  25  2:58  Command Center  
  25  3:01  Orbital Command  
  25  3:07  SCV  
  26  3:13  Starport  
  26  3:17  Factory Tech Lab  
  26  3:20  SCV  
  26  3:25  Marine x2  
  29  3:36  SCV x2  
  31  3:45  Marine x2  
  31  3:48  SCV x2  
  35  4:00  SCV, Bunker  
  35  4:02  Banshee  
  39  4:03  Factory Tech Lab, Bunker  
  39  4:04  SCV  
  39  4:07  Cloaking Field  
  40  4:11  Marine x2  
  40  4:12  SCV  
  43  4:18  SCV  
  43  4:20  Orbital Command  
  44  4:24  Siege Tank  
  44  4:40  Marine x2  
  44  4:44  SCV  
  39  4:49  SCV  
  34  4:53  Orbital Command  
  34  4:56  Banshee  
  34  4:57  Siege Tank  
  34  4:58  SCV, Marine  
  41  5:02  SCV  
  40  5:08  Marine  
  36  5:16  SCV  
  32  5:23  Orbital Command  
  15  5:45  SCV  
  15  5:46  Orbital Command  
  9  5:58  Orbital Command  
  7  6:11  SCV  
  7  6:24  SCV  
  8  6:34  SCV x2  
  10  6:40  Banshee  
  10  6:42  SCV  
  14  6:54  Marine x2  
  16  7:03  SCV x3  
  16  7:08  Factory Tech Lab  
  19  7:15  SCV x3  
  22  7:23  Marine  
  22  7:24  Marine  
  22  7:26  Bunker  
  22  7:27  SCV x2  
  22  7:29  Supply Depot  
  26  7:43  SCV x3  
  29  7:50  Supply Depot, Marine x2  
  31  7:56  SCV x2  
  33  8:00  Barracks  
  33  8:02  Barracks  
  33  8:11  SCV  
  34  8:13  SCV x2  
  36  8:23  SCV  
  36  8:25  SCV x2  
  36  8:26  Supply Depot  
  39  8:29  Marauder  
  39  8:30  Stimpack  
  41  8:35  SCV  
  41  8:37  SCV, Factory Reactor  
  43  8:42  SCV  
  43  8:44  Starport Reactor  
  43  8:47  SCV  
  45  8:49  SCV, Engineering Bay  
  45  8:50  Engineering Bay  
  45  8:51  Marauder  
  45  8:53  Marauder  
  45  8:54  SCV  
  51  8:59  SCV  
  51  9:01  SCV  
  50  9:03  Refinery  
  50  9:06  SCV, Marine  
  50  9:07  Marine  
  53  9:12  SCV  
  53  9:15  Missile Turret  
  54  9:18  Missile Turret  
  54  9:19  SCV x2  
  56  9:25  SCV  
  56  9:26  Missile Turret  
  56  9:28  Marine x4  
  61  9:35  SCV  
  61  9:39  SCV x2  
  63  9:47  SCV  
  63  9:51  SCV  
  66  9:55  Marine x3  
  66  9:56  Marine  
  69  10:06  Supply Depot, SCV x2, Medivac x2  
  75  10:08  Supply Depot  
  75  10:10  Orbital Command  
  75  10:17  Marine x2  
  77  10:26  Terran Infantry Weapons Level 1, Terran Infantry Armor Level 1  
  77  10:27  Marine x2  
  77  10:28  SCV, Supply Depot  
  80  10:30  SCV  
  80  10:33  Missile Turret  
  80  10:35  Marine x2  
  79  10:37  Refinery  
  77  10:45  SCV x2  
  77  10:46  SCV  
  80  10:53  Barracks  
  80  10:55  Barracks  
  80  10:56  Armory  
  78  11:03  Marine  
  78  11:04  Marine x3  
  80  11:11  Widow Mine  
  80  11:12  Medivac, Widow Mine  
  80  11:15  SCV  
  80  11:16  SCV  
  88  11:21  Medivac, Marine  
  88  11:22  Combat Shields, Marine x3  
  88  11:23  Concussive Shells  
  94  11:26  SCV  
  94  11:28  SCV  
  96  11:38  Refinery  
  94  11:40  Marauder, Marine x2  
  94  11:42  Barracks Reactor x2  
  94  11:44  Widow Mine  
  100  11:50  Supply Depot x2  
  100  11:51  Supply Depot  
  100  11:54  Marine  
  101  12:11  Marine x3, Medivac, Widow Mine  
  101  12:12  Marine  
  109  12:16  Missile Turret  
  109  12:20  Missile Turret  
  109  12:22  Terran Infantry Weapons Level 2, Terran Infantry Armor Level 2  
  109  12:24  Marine x4  
  109  12:29  Marine x3  
  116  12:30  Marine  
  116  12:31  Barracks  
  116  12:32  Barracks  
  116  12:33  Barracks  
  116  12:34  Widow Mine  
  119  12:42  Marine x4  
  123  12:44  Factory  
  123  12:47  Marine x2  
  121  13:04  Marine  
  110  13:05  Marine  
  110  13:06  Marine  
  110  13:07  Marine x2  
  110  13:08  Marine x2  
  108  13:16  Marine  
  108  13:17  Marine  
  105  13:22  Marine x3  
  105  13:23  Marine  
  105  13:24  Marine  
  95  13:31  Marine x2  
  95  13:44  Marine  
  95  13:45  Marine  
  95  13:52  Marine  
  95  13:56  Supply Depot  
  95  13:57  Marine  
  95  13:58  Marine x2  
  95  13:59  Supply Depot, SCV, Marine x3  
  95  14:00  Marine  
  95  14:01  Marine  
  83  14:04  Marine  
  74  14:10  Marine  
  74  14:11  SCV  
  74  14:14  Marine  
  74  14:16  Marine x2  
  77  14:17  Marine  
  77  14:18  Marine  
  77  14:19  Marine x3  
  80  14:40  Marine x3  
  80  14:41  Marine  
  80  14:42  Marine x3  
  80  14:43  Marine  
  88  14:48  Command Center  
  88  14:51  Marine  
  88  14:52  Marine  
  88  14:58  Marine x2  
  90  15:00  Marine  
  90  15:05  Marine  
  90  15:06  Marine x4  
  92  15:33  Marine  
  93  15:47  Marine  
Show
View Real Time Build Order
Export as new Build Order

Chargeous Zerg 

Build Orders: Hatch First 

Get SALT Encoding   

  12  0:01  Drone  
  13  0:13  Overlord  
  13  0:18  Drone  
  14  0:31  Drone  
  14  0:32  Drone  
  17  0:35  Drone  
  17  0:58  Hatchery  
  17  0:59  Drone  
  17  1:03  Drone  
  18  1:09  Drone  
  19  1:20  Spawning Pool  
  19  1:24  Drone  
  19  1:33  Drone  
  20  1:40  Drone, Extractor  
  19  1:50  Overlord  
  19  2:04  Drone  
  20  2:09  Queen  
  20  2:10  Queen  
  20  2:11  Drone  
  20  2:13  Zergling x2  
  26  2:22  Zergling x2  
  26  2:36  Drone x3  
  28  2:45  Drone  
  28  2:50  Metabolic Boost  
  29  2:55  Roach Warren  
  28  2:58  Drone x2  
  28  3:02  Overlord  
  28  3:04  Overlord  
  29  3:15  Overlord  
  29  3:27  Zergling x6  
  30  3:31  Zergling x2  
  30  3:32  Zergling x2  
  33  3:35  Roach x2  
  33  3:36  Roach  
  33  3:39  Roach  
  41  3:49  Zergling x6  
  41  3:50  Zergling x2  
  41  3:53  Roach  
  47  4:03  Roach  
  47  4:06  Zergling x8  
  53  4:13  Roach  
  53  4:16  Overlord  
  54  4:32  Zergling x2  
  54  4:33  Zergling x8  
  57  4:43  Zergling x8  
  57  5:00  Zergling x8  
  55  5:09  Zergling x2  
  55  5:10  Zergling x2  
  54  5:17  Zergling x2  
  54  5:18  Zergling x8  
  55  5:30  Hatchery  
  46  5:47  Drone x6  
  46  5:48  Lair  
  47  5:53  Evolution Chamber, Drone x2  
  47  5:54  Evolution Chamber  
  43  6:03  Drone x2  
  40  6:05  Extractor  
  40  6:06  Extractor  
  40  6:09  Spore Crawler  
  32  6:21  Spore Crawler  
  32  6:23  Spore Crawler  
  31  6:25  Drone x2  
  31  6:26  Spore Crawler x2  
  31  6:29  Drone  
  31  6:35  Drone x2  
  33  6:40  Spore Crawler  
  33  6:44  Drone  
  33  6:45  Drone  
  34  6:47  Drone x2  
  36  6:58  Drone  
  36  7:00  Spire  
  36  7:01  Drone  
  30  7:18  Drone x4  
  30  7:20  Spore Crawler  
  30  7:21  Drone x2  
  35  7:30  Spore Crawler  
  31  7:41  Drone x4  
  34  7:54  Drone x3  
  34  7:58  Drone x4, Extractor  
  41  8:03  Drone x2  
  42  8:08  Drone  
  42  8:10  Drone  
  44  8:15  Zerg Flyer Weapons Level 1  
  44  8:16  Drone  
  45  8:21  Drone x3  
  45  8:24  Drone  
  49  8:34  Mutalisk  
  49  8:35  Mutalisk x2  
  55  8:45  Overseer  
  55  8:47  Mutalisk x3  
  59  9:14  Mutalisk x2  
  59  9:15  Mutalisk  
  65  9:17  Overlord  
  65  9:28  Hatchery  
  64  9:34  Mutalisk  
  64  9:35  Mutalisk  
  66  9:52  Hatchery  
  65  9:55  Mutalisk  
  67  10:09  Mutalisk x2, Zerg Flyer Armor Level 1  
  67  10:12  Overlord  
  67  10:14  Overlord  
  71  10:21  Extractor  
  70  10:22  Extractor  
  70  10:24  Baneling Nest  
  68  10:33  Drone  
  68  10:34  Drone x10  
  79  10:44  Queen  
  79  10:45  Drone  
  79  10:49  Mutalisk  
  84  11:02  Mutalisk x2  
  86  11:06  Mutalisk  
  86  11:10  Mutalisk  
  90  11:15  Mutalisk  
  92  11:23  Mutalisk x2  
  92  11:25  Overlord  
  96  11:40  Overlord x2  
  96  11:52  Pneumatized Carapace  
  96  11:56  Mutalisk x4  
  96  11:58  Mutalisk x2, Extractor  
  96  11:59  Extractor  
  106  12:09  Overseer  
  106  12:10  Overseer x2  
  106  12:19  Drone  
  106  12:20  Drone x8  
  115  12:25  Centrifical Hooks  
  115  12:40  Zergling x10  
  115  12:43  Overlord x2  
  108  13:04  Zergling x6  
  108  13:05  Zergling x18  
  104  13:33  Baneling x6  
  104  13:34  Baneling x5  
  90  14:02  Mutalisk  
  72  14:03  Mutalisk x5  
  83  14:19  Drone  
  76  14:39  Drone x2  
  78  14:56  Hatchery  
  78  14:58  Mutalisk  
  78  14:59  Mutalisk  
  81  15:02  Zergling x12  
  67  15:26  Baneling x5  
  67  15:27  Baneling x7  
Tags
 
Add a new tag
Caveats
  • Supply blocks, unpowered buildings, or Contaminate may cause inaccurate times.
  • Supply counts are checked every 10 seconds.